 Dungeon Crawl Stone Soup version 0.30.0-19-g36f170ea60 (webtiles) character file.

Game seed: 10647507186775250323

28423 olmar the Basher (level 13, 0/74 HPs)
             Began as a Vine Stalker Fighter on May 28, 2023.
             Was a High Priest of Ashenzari.
             Slain by a two-headed ogre
             ... wielding a +0 dire flail
              (5 damage)
             ... on level 12 of the Dungeon.
             The game lasted 00:26:05 (11044 turns).

olmar the Basher (Vine Stalker Fighter)            Turns: 11044, Time: 00:26:05

Health: 0/74       AC: 19    Str: 24    XL:     13   Next: 38%
Magic:  0/14       EV: 10    Int:  8    God:    Ashenzari [*****.]
Gold:   2088       SH:  6    Dex: 14    Spells: 12/12 levels left

rFire   . . .        d - +0 eveningstar of Desmomancy {protect, Cun, Elem} (curse)
rCold   + . .        c - +0 buckler of the Shattered Seer {Comp, Cun} (curse)
rNeg    . . .        T - +2 plate armour of the Enlightened Moon {rC+, Comp, Bglg} (curse)
rPois   .            (no helmet)
rElec   .            s - +0 cloak "Gloom of Ashenzari" {Fort, Evo} (curse)
rCorr   .            (no gloves)
SInv    +            H - +0 pair of boots of the Shackled Sage {Self, Comp} (curse)
Will    ++...        x - amulet of Supernal Knowledge {Regen+, Evo, Comp} (curse) Stlth
                     i - ring "Augurer of Ashenzari" {SInv, Range, Melee} (curse)
HPRegen 1.92/turn    j - ring of Ashenzari's Omen {Will+, Self, Melee} (curse)
MPRegen 0.14/turn

%: clarity, guardian spirit
@: no status effects
A: fangs 3, regeneration 1, magic shield, antimagic bite, no potion heal 2
a: Renounce Religion, Shatter the Chains


You were on level 12 of the Dungeon.
You worshipped Ashenzari.
Ashenzari was extremely pleased with you.
You visited 1 branch of the dungeon, and saw 12 of its levels.
You also visited: Bailey and Gauntlet.

You collected 2088 gold pieces.

Inventory:

Hand Weapons
 d - the cursed +0 eveningstar of Desmomancy (weapon) {protect, Cun, Elem}
   (You acquired it on level 11 of the Dungeon)

   It has a curse which improves the following skills: Cunning: Dodging and
   Stealth.
   Elements:  Fire Magic, Ice Magic, Air Magic and Earth Magic.
 S - a +2 flail of protection
Missiles
 a - 6 silver javelins
 l - 16 poisoned darts
 W - 2 throwing nets
Armour
 b - the +0 helmet of the Falcon {rF++}
   (You found it in a Gauntlet)

   rF:        It greatly protects you from fire.
 c - the cursed +0 buckler of the Shattered Seer (worn) {Comp, Cun}

   It has a curse which improves the following skills: Companions: Summonings
   and Necromancy.
   Cunning:   Dodging and Stealth.
 s - the cursed +0 cloak "Gloom of Ashenzari" (worn) {Fort, Evo}
   (You found it on level 2 of the Dungeon)

   It has a curse which improves the following skills: Fortitude: Armour and
   Shields.
   Evocations: Evocations.
 H - the cursed +0 pair of boots of the Shackled Sage (worn) {Self, Comp}
   (You found it on level 7 of the Dungeon)

   It has a curse which improves the following skills: Introspection: Fighting
   and Spellcasting.
   Companions: Summonings and Necromancy.
 J - a +1 cloak of preservation
 T - the cursed +2 plate armour of the Enlightened Moon (worn) {rC+, Comp, Bglg}
   (You took it off an orc warrior on level 9 of the Dungeon)

   It has a curse which improves the following skills: Companions: Summonings
   and Necromancy.
   Beguiling: Conjurations, Hexes and Translocations.
Jewellery
 i - the cursed ring "Augurer of Ashenzari" (left hand) {SInv, Range, Melee}
   (You found it on level 1 of the Dungeon)

   [ring of see invisible]

   SInv:      It lets you see invisible.
   It has a curse which improves the following skills: Ranged Combat: Ranged
   Weapons and Throwing.
   Melee Combat: Short Blades, Long Blades, Axes, Maces & Flails, Polearms,
   Staves and Unarmed Combat.
 j - the cursed ring of Ashenzari's Omen (right hand) {Will+, Self, Melee}
   (You found it on level 5 of the Dungeon)

   [ring of willpower]

   Will:      It increases your willpower.
   It has a curse which improves the following skills: Introspection: Fighting
   and Spellcasting.
   Melee Combat: Short Blades, Long Blades, Axes, Maces & Flails, Polearms,
   Staves and Unarmed Combat.
 u - a +6 ring of strength
 x - the cursed amulet of Supernal Knowledge (around neck) {Regen+, Evo, Comp}
   (You found it on level 4 of the Dungeon)

   [amulet of regeneration]

   Regen:     It increases your rate of health regeneration.
   It has a curse which improves the following skills: Evocations: Evocations.
   Companions: Summonings and Necromancy.
 z - a +4 ring of protection
 A - a +6 ring of intelligence
 E - a +4 ring of protection
 F - a ring of protection from cold
 V - a ring of wizardry
Wands
 B - a wand of digging (7)
 D - a wand of polymorph (2) (quivered)
 G - a wand of acid (4)
 M - a wand of charming (20)
 N - a wand of flame (28)
 R - a wand of iceblast (29)
Scrolls
 e - 5 scrolls of teleportation
 f - 4 scrolls of enchant weapon
 h - 2 scrolls of magic mapping
 o - 5 scrolls of fog
 p - 10 scrolls of identify
 q - a scroll of silence
 r - 4 scrolls of enchant armour
 K - 3 scrolls of poison
 P - a scroll of summoning
Potions
 g - 6 potions of heal wounds
 k - 2 potions of resistance
 m - 3 potions of cancellation
 n - 3 potions of mutation
 t - 4 potions of magic
 v - 3 potions of flight
 w - 4 potions of curing
 C - a potion of brilliance
 Q - 3 potions of might
 X - 2 potions of lignification
Miscellaneous
 y - a condenser vane
 I - a lightning rod (4/4)


   Skills:
 + Level 8.5(11.7) Fighting
 + Level 12.7(15.8) Maces & Flails
 + Level 3.3(5.2) Throwing
 + Level 7.8(10.0) Armour
 + Level 5.8(8.9) Dodging
 + Level 4.9(7.9) Stealth
 + Level 8.0(10.2) Shields
 + Level 3.3(6.0) Evocations


You had 12 spell levels left.
You didn't know any spells.
Your spell library contained the following spells:

 Spells                   Type           Power      Damage    Failure   Level
 Freeze                   Ice            0%         1d3       99%         1
 Magic Dart               Conj           0%         1d3       99%         1
 Call Imp                 Summ           2%         N/A       99%         2
 Cigotuvi's Dreadful Rot  Necr/Pois/Air  0%         N/A       100%        2
 Scorch                   Fire           0%         2d5       100%        2
 Searing Ray              Conj           0%         2d4       100%        2
 Frozen Ramparts          Ice            0%         1d1       100%        3
 Hailstorm                Conj/Ice       0%         3d3       100%        3
 Ignite Poison            Fire/Tmut/Pois 0%         N/A       100%        3
 Inner Flame              Hex/Fire       0%         N/A       100%        3
 Mephitic Cloud           Conj/Pois/Air  0%         N/A       100%        3
 Tukima's Dance           Hex            0%         N/A       100%        3
 Volatile Blastmotes      Fire/Tloc      0%         2d10      100%        3
 Flame Wave               Conj/Fire      0%         2d4       100%        4
 Fulminant Prism          Conj/Hex       0%         3d5       100%        4
 Passage of Golubria      Tloc           0%         N/A       100%        4
 Freezing Cloud           Conj/Ice/Air   0%         6-21      100%        5
 Yara's Violent Unravell  Hex/Tmut       0%         3d3       100%        5


Dungeon Overview and Level Annotations

Branches:
Dungeon (12/15)            Temple (0/1) D:6            Lair (0/5) D:9
    Orc (0/2) D:10         Bailey (visited)         Gauntlet (visited)

Altars:
Ashenzari
Cheibriados
Dithmenos
Elyvilon
Gozag
Hepliaklqana
Nemelex Xobeh
Ru
Vehumet
Zin

Shops:
D:7 :

Portals:
Trove: D:10 (give +5 demon whip)

Annotations:
D:6 2 transporters, cdecastro's ghost, novice DrTm
D:11 4 transporters


Innate Abilities, Weirdness & Mutations

You have razor-sharp teeth.
Your natural rate of healing is unusually fast.
When hurt, damage is shared between your health and your magic reserves.
Your bite disrupts and absorbs the magic of your enemies.
Potions cannot restore your health.


Message History

A two-headed ogre is nearby!
A two-headed ogre is nearby!
A two-headed ogre is nearby!
A two-headed ogre is nearby!
A two-headed ogre is nearby!
A two-headed ogre is nearby!
A two-headed ogre is nearby!
Unknown command.
You block the two-headed ogre's attack.
The two-headed ogre hits you with a +0 giant club!
The two-headed ogre barely misses you.
The two-headed ogre hits you with a +0 giant club!
You block the two-headed ogre's attack.
The two-headed ogre hits you with a +0 giant club.
The two-headed ogre closely misses you.
The two-headed ogre hits you with a +0 giant club!
The two-headed ogre completely misses you.
The two-headed ogre hits you with a +0 giant club!
You block the two-headed ogre's attack.
The two-headed ogre hits you but does no damage.
You block the two-headed ogre's attack.
The two-headed ogre hits you with a +0 giant club!
The two-headed ogre hits you with a +0 dire flail.
The two-headed ogre closely misses you. You block the two-headed ogre's attack.
The two-headed ogre completely misses you.
The two-headed ogre hits you with a +0 dire flail.
The two-headed ogre hits you with a +0 giant club!
The two-headed ogre closely misses you. x2
The two-headed ogre hits you with a +0 dire flail.
The two-headed ogre hits you with a +0 giant club!
* * * LOW HITPOINT WARNING * * *
You block the two-headed ogre's attack. The two-headed ogre closely misses you.
The two-headed ogre hits you with a +0 dire flail!
* * * LOW HITPOINT WARNING * * *
The two-headed ogre barely misses you.
The two-headed ogre hits you with a +0 dire flail.
* * * LOW HITPOINT WARNING * * *
The two-headed ogre hits you with a +0 giant club.
You die...

####** ***############
* * ...#, #..........#
, , , ...# , ,
#..........# , * ,
...# , #..........#
...#, , #.....@O...# ,
*, ...#, ,,
#..........#, , ,,
...# ,#..........#, *
,, ...#,{ ,
,#..$.......# , ,, *
...# ,,#####....######
, * ...#
#.............,,, ,
...#.,
#.............,, , , ,
...#..
#.............., ,
...#...#..............
,, *


You could see a two-headed ogre.

Vanquished Creatures
  A minotaur (Gauntlet)
  Snorg (D:10)
  A boulder beetle (D:11)
  4 two-headed ogres
  2 orc high priests (Bailey)
  A hell hog (Gauntlet)
  A fire crab (Gauntlet)
  Pikel (D:4)
  A wizard (Gauntlet)
  Joseph (D:8)
  An unseen horror (D:11)
  A komodo dragon (D:9)
  A troll (Bailey)
  2 hornets
  7 slime creatures (D:12)
  2 shadows
  6 fire bats (Gauntlet)
  A wraith (D:11)
  2 vampires (D:10)
  16 yaks
  3 steam dragons
  2 vampire mosquitoes (D:11)
  A warg (D:10)
  An acid dragon (D:8)
  6 water moccasins
  A hell hound (Gauntlet)
  An ice beast (D:7)
  13 orc warriors
  2 black bears
  14 centaurs
  3 ogres
  3 gnoll sergeants
  4 bullfrogs
  A kobold brigand (D:6)
  6 scorpions
  6 wights
  20 killer bees
  11 howler monkeys
  7 electric eels (Bailey)
  6 hounds
  2 jellies
  12 orc priests
  A gnoll bouda (D:8)
  2 iguanas (D:4)
  A sleepcap (D:5)
  4 orc wizards
  22 gnolls
  9 adders
  3 shadow imps
  A white imp (D:8)
  An ufetubus (D:5)
  8 dart slugs
  36 orcs
  11 ball pythons
  6 endoplasms
  3 giant cockroaches
  21 goblins
  11 hobgoblins
  3 jackals (D:1)
  2 quokkas (D:2)
  3 bats
  3 frilled lizards (D:2)
  17 kobolds
  11 rats
357 creatures vanquished.

Vanquished Creatures (others)
  An orc warrior (Bailey)
1 creature vanquished.

Grand Total: 358 creatures vanquished

Notes
Turn   | Place    | Note
-------+----------+-------------------------------------------
     0 | D:1      | olmar the Vine Stalker Fighter began the quest for the Orb.
     0 | D:1      | Reached XP level 1. HP: 11/11 MP: 2/2
   107 | D:1      | Reached XP level 2. HP: 9/16 MP: 3/3
   179 | D:1      | Reached skill level 2 in Maces & Flails
   338 | D:1      | Reached XP level 3. HP: 20/20 MP: 4/4
   440 | D:1      | Noticed a great orb of eyes
   442 | D:1      | Found a faded altar of an unknown god.
   444 | D:1      | Noticed a floating eye
   445 | D:1      | Noticed a shining eye
   445 | D:1      | Noticed a shining eye
   616 | D:1      | Prayed at the altar of an unknown god.
   616 | D:1      | Became a worshipper of Ashenzari the Shackled
  1155 | D:2      | Gained mutation: Your natural rate of healing is unusually
                  | fast. [Vine Stalker growth]
  1155 | D:2      | Reached XP level 4. HP: 24/24 MP: 5/5
  1226 | D:2      | Reached skill level 3 in Maces & Flails
  1594 | D:3      | Noticed a scorpion
  1658 | D:2      | Killed a scorpion
  1659 | D:2      | Reached skill level 1 in Dodging
  1659 | D:2      | Reached XP level 5. HP: 13/28 MP: 4/6
  1690 | D:2      | Reached * piety under Ashenzari
  1851 | D:3      | Found a hazy altar of Hepliaklqana.
  2127 | D:4      | Found a radiant altar of Vehumet.
  2205 | D:4      | Noticed a lemure
  2206 | D:4      | Noticed a lemure
  2207 | D:4      | Noticed Pikel
  2207 | D:4      | Noticed a lemure
  2208 | D:4      | Noticed a lemure
  2229 | D:4      | Killed Pikel
  2230 | D:4      | Reached skill level 5 in Maces & Flails
  2230 | D:4      | Reached XP level 6. HP: 16/33 MP: 7/7
  2230 | D:4      | Reached XP level 7. HP: 18/37 MP: 8/8
  2690 | D:5      | Entered Level 5 of the Dungeon
  2724 | D:5      | Gained mutation: You have razor-sharp teeth. [Vine Stalker
                  | growth]
  2724 | D:5      | Reached XP level 8. HP: 5/42 MP: 9/9
  2773 | D:5      | Reached skill level 6 in Maces & Flails
  3787 | D:6      | Found a staircase to the Ecumenical Temple.
  3807 | D:6      | Reached XP level 9. HP: 35/46 MP: 8/10
  3807 | D:6      | Reached ** piety under Ashenzari
  4041 | D:6      | Reached skill level 5 in Armour
  4229 | D:6      | Reached skill level 7 in Maces & Flails
  4515 | D:6      | Found a transporter.
  4515 | D:6      | Identified the +7 great mace of Hell's Wrath {drain, rF+
                  | Int+5 Dex-5 Stlth+}
  4515 | D:6      | Noticed a two-headed ogre
  4515 | D:6      | Noticed cdecastro's ghost (novice DrTm)
  4521 | D:6      | Found a transporter.
  4815 | D:7      | Reached skill level 1 in Stealth
  4825 | D:7      | Found a sacrificial altar of Ru.
  4831 | D:7      | Reached skill level 8 in Maces & Flails
  4916 | D:7      | Found Apyodd's Tremendous Tomes.
  5341 | D:7      | Reached skill level 5 in Fighting
  5357 | D:7      | Reached XP level 10. HP: 40/53 MP: 9/11
  5810 | D:8      | Found a white marble altar of Elyvilon.
  5823 | D:8      | Noticed Maurice
  5824 | D:8      | Found a flagged portal.
  5827 | D:8      | Maurice changed into Maurice the scorpion
  5827 | D:8      | Noticed Maurice
  5833 | D:8      | Killed Maurice the scorpion
  5840 | D:8      | Reached skill level 5 in Shields
  5877 | D:8      | Noticed Maggie
  5882 | D:8      | Maggie changed into Maggie the centaur
  5882 | D:8      | Noticed Maggie
  5892 | D:8      | Killed Maggie the centaur
  5906 | Bailey   | Entered a bailey
  6064 | Bailey   | Noticed an orc high priest
  6076 | Bailey   | Noticed an orc knight
  6079 | Bailey   | Noticed a sun demon
  6081 | Bailey   | Killed an orc high priest
  6082 | Bailey   | Reached skill level 9 in Maces & Flails
  6111 | Bailey   | an orc knight changed into a troll
  6178 | Bailey   | Reached skill level 1 in Throwing
  6258 | Bailey   | Reached skill level 1 in Evocations
  6894 | Bailey   | HP: 1/55 [electric eel/bolt of electricity (10)]
  6990 | Bailey   | Identified a scroll of acquirement
  7061 | Bailey   | Found an iron altar of Okawaru.
  7061 | Bailey   | Noticed an orc high priest
  7066 | Bailey   | Noticed an orange demon
  7066 | Bailey   | Noticed a smoke demon
  7075 | Bailey   | Noticed a rust devil
  7087 | Bailey   | Killed an orc high priest
  7135 | Bailey   | Identified the +0 leather armour "Forget-Me-Not" {*Corrode
                  | rPois rN+++ Dex+2}
  7191 | Bailey   | Reached skill level 10 in Maces & Flails
  7191 | Bailey   | Reached skill level 5 in Dodging
  7191 | Bailey   | Reached XP level 11. HP: 60/60 MP: 12/12
  7323 | D:8      | Reached *** piety under Ashenzari
  7381 | D:8      | Reached XP level 12. HP: 51/66 MP: 10/13
  7483 | D:8      | Paralysed by a hornet for 2 turns
  7575 | D:8      | Found a glowing silver altar of Zin.
  7693 | D:8      | Found a shadowy altar of Dithmenos.
  7696 | D:8      | Noticed Joseph
  7707 | D:8      | Killed Joseph
  7766 | D:8      | Found an opulent altar of Gozag.
  8358 | D:9      | Found a snail-covered altar of Cheibriados.
  8390 | D:9      | Noticed a two-headed ogre
  8397 | D:9      | Killed a two-headed ogre
  8423 | D:9      | Reached **** piety under Ashenzari
  8450 | D:9      | Identified the +0 pair of gloves of the Evening {rC+ rN+
                  | Str+3 Int+2}
  8679 | D:9      | Found a sparkling altar of Nemelex Xobeh.
  8921 | D:9      | Found a staircase to the Lair.
  8981 | D:10     | Entered Level 10 of the Dungeon
  9005 | D:10     | Reached skill level 11 in Maces & Flails
  9014 | D:10     | Noticed a two-headed ogre
  9026 | D:10     | Killed a two-headed ogre
  9040 | D:9      | HP: 2/68 [poisoned by an orc priest]
  9045 | D:9      | HP: 3/68 [poisoned by an orc priest]
  9101 | D:9      | Acquired 1312 gold pieces
  9184 | D:10     | Found a staircase to the Orcish Mines.
  9264 | D:10     | Noticed Snorg
  9285 | D:10     | Killed Snorg
  9447 | D:10     | Found a portal to a secret trove of treasure.
  9629 | D:11     | Found a transporter.
  9631 | D:11     | Noticed a centaur warrior
  9636 | D:11     | Noticed a stone giant
  9709 | D:11     | Noticed a two-headed ogre
  9722 | D:11     | Killed a two-headed ogre
  9780 | D:11     | Found a transporter.
  9796 | D:11     | Found a transporter.
  9797 | D:11     | Identified the ring "Duesag" {Fly rPois Int+2}
  9797 | D:11     | Noticed a fire giant
  9799 | D:11     | Noticed a death knight
  9822 | D:11     | Found a transporter.
  9856 | D:11     | Noticed a boulder beetle
  9882 | D:11     | Killed a boulder beetle
  9929 | D:11     | Reached skill level 12 in Maces & Flails
  9987 | D:11     | Reached XP level 13. HP: 68/72 MP: 12/14
 10424 | D:11     | Acquired a +0 eveningstar of protection
 10555 | D:12     | Found a gate leading to a gauntlet.
 10587 | Gauntlet | Entered a Gauntlet
 10587 | Gauntlet | Found a transporter.
 10594 | Gauntlet | Found a transporter.
 10596 | Gauntlet | Found a transporter.
 10609 | Gauntlet | Found a transporter.
 10610 | Gauntlet | Found a transporter.
 10613 | Gauntlet | Found a runed translucent door.
 10615 | Gauntlet | Found a runed translucent door.
 10617 | Gauntlet | Found a transporter.
 10633 | Gauntlet | Found a transporter.
 10635 | Gauntlet | Identified the +0 helmet of the Falcon {rF++}
 10641 | Gauntlet | Identified the amulet of Ohoum {Faith Fly Will+ Int+4
                  | Dex-5}
 10643 | Gauntlet | Found a transporter.
 10653 | Gauntlet | Found a transporter.
 10667 | Gauntlet | Found a transporter.
 10676 | Gauntlet | Found a transporter.
 10679 | Gauntlet | Found a transporter.
 10739 | Gauntlet | Found a runed translucent door.
 10770 | Gauntlet | Found a transporter.
 10862 | Gauntlet | Found a transporter.
 10887 | Gauntlet | Identified the +4 glaive "Wosigrud" {pain, Int-2 Dex+4}
 10887 | Gauntlet | Noticed a minotaur
 10899 | Gauntlet | Killed a minotaur
 10904 | Gauntlet | Identified the +0 trident "Gucweew" {heavy, rF+ rC- Str+2}
 10904 | Gauntlet | Identified the Octavo of the Bonfire
 10972 | D:12     | Reached ***** piety under Ashenzari
 11044 | D:12     | Slain by a two-headed ogre

Illustrated notes

Levels and vault maps discovered:
D:1:      dpeg_arrival_arbitrary_b, layout_rooms,
          hellmonk_ecumenical_altar_watching_god
D:2:      layout_loops_corners, wander_ebering_terrifying_dragon_lair
D:3:      layout_rooms, nicolae_hepliaklqana_hazy_memory
D:4:      layout_basic, mainiacjoe_overflow_alcove_2, uniq_pikel
D:5:      layout_layer_cave
D:6:      layout_loops_corners, minmay_temple_entry_junction,
          gammafunk_ghost_smash
D:7:      layout_basic, mainiacjoe_overflow_concentric_impassable,
          nicolae_shop_i_like_big_books
D:8:      layout_basic, pdpol_temple_overflow_zin_treasury_gozag_greed,
          mainiacjoe_overflow_chevrons, elyvilon_altar_4, enter_bailey_2,
          chequers_serial_rivers_micro_a, grunt_ministairs_13,
          chequers_serial_rivers_micro_c, minmay_misc_feat_chi,
          serial_park_tiny_pond, uniq_maurice, uniq_maggie, uniq_joseph
D:9:      layout_loops_ring, kennysheep_slug_shrine,
          lemuel_coloured_pillars_altar, david_lair_shrubbed,
          minmay_misc_feat_columns, fungi_pond_lemuel
D:10:     layout_rooms, erik_orc_4, enter_trove_0, uniq_snorg
D:11:     gammafunk_sealed_arena, layout_irregular_city, nicolae_diode_stairs
D:12:     layout_grid_maze, gauntlet_entry_generic

Skill      XL: |  1  2  3  4  5  6  7  8  9 10 11 12 13 |
---------------+----------------------------------------+-----
Maces & Flails | 2 3 5 6 8 10 12 | 12.7
Fighting       | 3 4 5 6 7 8 |  8.5
Dodging        | 1 2 3 5 |  5.8
Shields        | 3 4 6 7 8 |  8.0
Armour         | 3 4 5 6 7 |  7.8
Stealth        | 1 4 |  4.9
Throwing       | 3 |  3.3
Evocations     | 3 |  3.3

Action                     |  1- 3 |  4- 6 |  7- 9 | 10-12 | 13-15 || total
---------------------------+-------+-------+-------+-------+-------++-------
  Melee: Flail             |   100 |   113 |   294 |   548 |    57 ||  1112
         Bite              |    14 |    27 |    77 |   236 |    60 ||   414
         Morningstar       |       |       |       |   116 |       ||   116
         Eveningstar       |       |       |       |       |    98 ||    98
  Throw: Dart              |       |     3 |     2 |     8 |       ||    13
 Invoke: Curse Item        |     1 |     1 |     2 |     3 |     1 ||     8
  Evoke: Wand              |       |       |       |    14 |     4 ||    18
    Use: Potion            |       |     2 |     2 |     2 |     1 ||     7
         Scroll            |       |       |     1 |     5 |     2 ||     8
 Armour: Scale mail        |    42 |    61 |   110 |       |       ||   213
         Steam dragon scal |       |       |     2 |    34 |       ||    36
         Plate armour      |       |       |       |   253 |   111 ||   364
  Dodge: Dodged            |    48 |    67 |   160 |   301 |    82 ||   658
  Block: Buckler           |    13 |    29 |    66 |   195 |    62 ||   365
